AoeStats
← Gigaz

Arabia

509435171Analyzed
1v1 RM · 7d ago on Sep 26, 2026· 39m 12s· 2 players
Game mode
Random Map
Map size
Tiny (2 player)
Population
200
Speed
Normal
Resources
Standard
Victory
Conquest
Starting age
Dark Age
Ending age
Imperial Age
RankedLock teamsTeams togetherTeam positionsShared explorationLock speedFull tech treeHidden civsTurbo modeCheats
Victory
Defeat
🇦🇷 Magyars · Argentina
1362
+14
🇩🇪 Saxons · Germany
1324
-14
DS_Luffy
5:26 Loom
8:56 Feudal Age
9:41 Double-Bit Axe
11:06 Horse Collar
21:21 Castle Age
19:51 Padded Archer Armor
20:16 Fletching
21:35 Bloodlines
22:00 Bodkin Arrow
25:05 Husbandry
26:23 Gold Mining
26:59 Thumb Ring
28:52 Bow Saw
29:36 Leather Archer Armor
33:53 Wheelbarrow
33:04 Town Watch
38:54 Imperial Age
35:57 Light Cavalry
36:43 Scale Barding Armor
39:47 Bracer
Gigaz
6:54 Loom
9:48 Feudal Age
9:50 Man-at-Arms
13:38 Double-Bit Axe
15:27 Horse Collar
17:05 Fletching
20:13 Wheelbarrow
23:27 Castle Age
23:32 Crossbowman
24:19 Thumb Ring
24:28 Bodkin Arrow
26:46 Padded Archer Armor
27:20 Gold Mining
28:26 Bow Saw
29:41 Stone Mining
31:43 Thumb Ring
32:09 Leather Archer Armor
32:52 Scale Mail Armor
35:12 Ballistics
34:26 Clerical Recruitment
36:26 Chain Mail Armor
36:41 Redemption
Connection lost

Rejoining the realm…

Still unreachable

The connection could not be restored.

Session expired

The server has moved on; the page needs a fresh start.